 Dungeon Crawl Stone Soup version 0.29.1-15-g9cfb28693d (webtiles) character file.

Game seed: 15916004181822187176

193 protoss039 the Digger (level 5, 34/38 HPs)
             Began as a Demonspawn Earth Elementalist on Mar 13, 2023.
             Got out of the dungeon alive.
             The game lasted 00:05:36 (2923 turns).

protoss039 the Digger (DsEE)                        Turns: 2923, Time: 00:05:36

Health: 34/38      AC:  4    Str:  8    XL:     5   Next: 43%
Magic:  9/9        EV: 12    Int: 19    God:
Gold:   148        SH:  5    Dex: 13    Spells: 4/10 levels left

rFire   . . .      SeeInvis .   d - +0 dagger
rCold   . . .      Faith    .   (no shield)
rNeg    . . .      Spirit   .   a - +0 robe
rPois   .          Reflect  +   (helmet restricted)
rElec   .          Harm     .   j - +0 cloak
rCorr   .          Rampage  .   m - +0 pair of gloves
Will    .....                   (no boots)
Stlth   ++........              g - amulet of reflection
HPRegen 0.12/turn               l - ring of flight
MPRegen 0.11/turn               n - ring of wizardry

@: flying
A: antennae 1, powered by death 1
a: no special abilities


You escaped.
You visited 1 branch of the dungeon, and saw 3 of its levels.

You collected 148 gold pieces.

Inventory:

Hand Weapons
 d - a +0 dagger (weapon)
Armour
 a - a +0 robe (worn)
 j - a +0 cloak (worn)
 m - a +0 pair of gloves (worn)
 o - a +2 helmet
Jewellery
 g - an amulet of reflection (around neck)
 l - a ring of flight (left hand)
 n - a ring of wizardry (right hand)
Scrolls
 b - a scroll of enchant weapon {unknown}
 c - a scroll of amnesia {unknown}
 e - a scroll of blinking
 h - a scroll of enchant armour {unknown}
 i - a scroll of torment {unknown}
 k - 2 scrolls of teleportation
 p - a scroll of identify
 q - a scroll of summoning {unknown}
Potions
 f - 6 potions of curing {unknown}


   Skills:
 + Level 2.3 Fighting
 * Level 1.3 Armour
 * Level 2.3 Dodging
 + Level 2.1 Stealth
 + Level 3.0 Spellcasting
 + Level 0.8 Conjurations
 - Level 0.8 Transmutations
 + Level 3.5 Earth Magic


You had 4 spell levels left.
You knew the following spells:

 Your Spells              Type           Power      Damage    Failure   Level
a - Sandblast             Erth           32%        2d9       1%          1
b - Passwall              Tmut/Erth      9%         N/A       4%          2
c - Stone Arrow           Conj/Erth      22%        3d8       8%          3

Your spell library contained the following spells:

 Spells                   Type           Power      Damage    Failure   Level
 Petrify                  Tmut/Erth      11%        N/A       24%         4
 Corpse Rot               Necr/Pois/Air  2%         N/A       50%         4
 Dispel Undead            Necr           2%         3d7       50%         4
 Death Channel            Necr           1%         N/A       100%        6


Dungeon Overview and Level Annotations

Branches:
Dungeon (3/15) Zot: 15017

Altars:

Shops:
D:1 *[?(*

Portals:
Abyss: D:3

Annotations:
D:3 2 transporters, diceflayer's ghost, weakling DsHu


Innate Abilities, Weirdness & Mutations

You have a pair of small antennae on your head.
You regenerate a little health from kills.


Message History

Unknown command.
Unknown command.
Casting: Sandblast (safe; 1% risk of failure)
Confirm with . or Enter, or press ? or * to list all spells.
Aiming: Sandblast (safe; 1% risk of failure)
Press: ? - help, Shift-Dir - straight line, f/p - orc
Aim: an orc, wielding a +0 war axe and wearing a +0 leather armour (moderately wounded, 82% to hit)
The blast of sand hits the rat.
You kill the rat!
Casting: Sandblast (safe; 1% risk of failure)
Confirm with . or Enter, or press ? or * to list all spells.
Aiming: Sandblast (safe; 1% risk of failure)
Press: ? - help, Shift-Dir - straight line, f/p - orc
Aim: an orc, wielding a +0 war axe and wearing a +0 leather armour (moderately wounded, 82% to hit)
The blast of sand hits the orc!
You kill the orc!
Unknown command.
Casting: Sandblast (safe; 1% risk of failure)
Confirm with . or Enter, or press ? or * to list all spells.
Aiming: Sandblast (safe; 1% risk of failure)
Press: ? - help, Shift-Dir - straight line, f - you That would be overly suicidal.
Okay, then.
Unknown command.
(D) Dungeon
Where to? (Enter - D:2 @ (x,y), ? - help)
What level of the Dungeon? (default 1, ? - help)
b - a scroll labelled QOPLIF SUUNGUR
Items here: ))) [[ †.
Found 3 gold pieces.
There is a stone staircase leading up here.
You fly upwards.
There is a stone staircase leading down here.
There is a stone staircase leading up here.
You fly upwards.
There is a stone staircase leading down here.
Magic restored.
There is a staircase leading out of the dungeon here.
Are you sure you want to leave the Dungeon?
This will make you lose the game!
You have escaped!

∩...............................>
...........................#####.
##........#####............# #.
.+.)......# #............# #.
.#........# #............# #.
##........# #............# #.
##........# ############## #.
#........# #### #.
###############@>##############.
##....#......................#...
.#....#.##..##......##..##...#.#.
.#....#......................#.#.
......#.######......######...#.#.
#.....#......................#.#.
#.....#.####################.#.#.
..............## #.......#.#.
...............## #.####.##.#.


There were no monsters in sight!

Vanquished Creatures
  A centaur (D:3)
  3 adders
  2 worms
  3 dart slugs
  8 orcs (D:3)
  2 ball pythons (D:1)
  3 bats
  4 endoplasms
  3 giant cockroaches
  3 hobgoblins
  10 jackals
  6 kobolds
  2 quokkas
  2 frilled lizards (D:1)
  6 goblins
  5 rats
63 creatures vanquished.

Notes
Turn   | Place    | Note
-------+----------+-------------------------------------------
     0 | D:1      | protoss039 the Demonspawn Earth Elementalist began the
                  | quest for the Orb.
     0 | D:1      | Reached XP level 1. HP: 13/13 MP: 3/3
    11 | D:1      | Found a faded altar of an unknown god.
   370 | D:1      | Found Xoexuede's General Store.
   374 | D:1      | Gained mutation: You regenerate a little health from kills.
                  | [demonic ancestry]
   374 | D:1      | Reached XP level 2. HP: 20/20 MP: 3/5
   385 | D:1      | Reached skill level 1 in Fighting
   635 | D:1      | Found Gaxke's Weapon Shoppe.
   642 | D:1      | Found Ocruff's Magic Scroll Shoppe.
   645 | D:1      | Found Vimuw's General Store.
   861 | D:1      | Learned a level 2 spell: Passwall
   882 | D:1      | Found Hemoedare's Antique Armour Shoppe.
  1225 | D:1      | Reached XP level 3. HP: 21/26 MP: 4/6
  2129 | D:2      | Learned a level 3 spell: Stone Arrow
  2187 | D:2      | Reached XP level 4. HP: 33/33 MP: 1/8
  2555 | D:3      | Found a faded altar of an unknown god.
  2581 | D:3      | Found a transporter.
  2584 | D:3      | Found a transporter.
  2598 | D:3      | Noticed a small abomination
  2599 | D:3      | Noticed a toenail golem
  2661 | D:3      | Found a one-way gate to the infinite horrors of the Abyss.
  2661 | D:3      | Noticed diceflayer's ghost (weakling DsHu)
  2662 | D:3      | Noticed a small abomination
  2834 | D:3      | Noticed a centaur
  2861 | D:3      | Killed a centaur
  2862 | D:3      | Reached skill level 1 in Armour
  2862 | D:3      | Gained mutation: You have a pair of small antennae on your
                  | head. [demonic ancestry]
  2862 | D:3      | Reached XP level 5. HP: 20/38 MP: 4/9
  2923 | D:$      | Got out of the dungeon alive.

Illustrated notes

Levels and vault maps discovered:
D:1:      dpeg_arrival_line_fractal, layout_basic, serial_shops, shop, shop,
          nicolae_shop_statue_plus, shop, shop, ebering_ecumenical_altar_box,
          minmay_3d_cube
D:2:      layout_rooms
D:3:      layout_rooms, nicolae_overflow_ecumenical_swirl,
          gammafunk_ghost_abyssal_escape, minmay_divided_ellipse

Skill      XL: |  1  2  3  4 |
---------------+-------------+-----
Fighting       | 1 2 |  2.3
Earth Magic    | 3 |  3.5
Dodging        | 2 |  2.3
Armour         | 1 |  1.3
Stealth        | 2 |  2.1
Spellcasting   | 3 |  3.0
Conjurations   | |  0.8
Transmutations | |  0.8

Action                   |  1- 3 |  4- 6 || total
-------------------------+-------+-------++-------
Melee: Club              |    35 |       ||    35
       Dagger            |    12 |    41 ||    53
 Cast: Sandblast         |    55 |    43 ||    98
  Use: Scroll            |     1 |     1 ||     2
       Potion            |       |     1 ||     1
Armor: Robe              |    14 |    47 ||    61
Dodge: Dodged            |    57 |    83 ||   140
Block: Other             |     8 |    37 ||    45
